 Dungeon Crawl Stone Soup version 0.19-a0-1803-g97ff39f (webtiles) character file.

199 Proteus the Covert (level 5, -5/25 HPs)
             Began as a Spriggan Assassin on Oct 5, 2016.
             Slain by cortexin's ghost (17 damage)
             ... on level 4 of the Dungeon.
             The game lasted 00:07:52 (3909 turns).

Proteus the Covert (Spriggan Assassin)              Turns: 3909, Time: 00:07:52

Health: -5/25      AC: 10    Str:  7    XL:     5   Next: 48%
Magic:  6/6        EV: 17    Int: 12    God:
Gold:   144        SH:  0    Dex: 19    Spells: 1 memorised, 3 levels left

rFire  . . .     SeeInvis +     r - +1 dagger (protect)
rCold  . . .     Gourm    .     c - +0 robe
rNeg   . . .     Faith    .     (shield restricted)
rPois  .         Spirit   .     (helmet restricted)
rElec  .         Dismiss  .     d - +0 cloak
rCorr  .         Reflect  .     (gloves unavailable)
MR     .....     Harm     .     (boots unavailable)
Stlth  +++++.....               (no amulet)
                                (no ring)
                                k - +3 ring of slaying

@: protection aura, very quick
A: unfitting armour, see invisible, herbivore 3, speed 3, slow metabolism 2
a: no special abilities


You were on level 4 of the Dungeon.
You were not hungry.

You visited 1 branch of the dungeon, and saw 4 of its levels.

You collected 144 gold pieces.

Inventory:

Hand Weapons
 a - a +2 dagger
 b - a +1 blowgun
 r - a +1 dagger of protection (weapon)
Missiles
 e - 26 poisoned needles
 n - 4 needles of confusion
 q - a curare-tipped needle
Armour
 c - a +0 robe (worn)
 d - a +0 cloak (worn)
Jewellery
 k - a +3 ring of slaying (left hand)
Scrolls
 t - a scroll of recharging
Potions
 f - a potion of cancellation {unknown}
 h - 2 potions of flight
 i - a potion of resistance {unknown}
 j - a potion of agility {unknown}
 o - a potion of curing {unknown}
 p - 2 potions of degeneration {unknown}
 s - a potion of brilliance {unknown}
 u - a potion of lignification {unknown}
Books
 m - a book of Cantrips

   Spells                             Type                      Level
   a - Confusing Touch                Hexes                        1
   b - Animate Skeleton               Necromancy                   1
   c - Summon Small Mammal            Summoning                    1
   d - Apportation                    Translocation                1
Comestibles
 g - 3 bread rations
 l - 4 fruits


   Skills:
 - Level 1.5 Fighting
 - Level 2.1 Short Blades
 - Level 2.0 Throwing
 - Level 1.5 Dodging
 + Level 10.3 Stealth


You had 3 spell levels left.
You knew the following spells:

 Your Spells              Type           Power        Failure   Level  Hunger
a - Apportation           Tloc           #.........   34%         1    ##.....


Dungeon Overview and Level Annotations

Branches:
Dungeon (4/15)             Temple (0/1) D:4

Altars:
Hepliaklqana

Annotations:
D:4 cortexin's ghost, amateur SpAK


Innate Abilities, Weirdness & Mutations

You are very small and have problems with some larger weapons.
You are too small for most types of armour.
You have supernaturally acute eyesight. (SInv)
You are a herbivore.
You cover ground extremely quickly.
You need consume almost no food.


Message History

The adder skeleton is heavily damaged.
Cortexin's ghost says, "Very impressive.
But it won't help.
Nothing will."
The adder skeleton bites you but does no damage.
You hit the adder skeleton.
The adder skeleton is almost destroyed.
The adder skeleton misses you.
You hit the adder skeleton but do no damage.
The adder skeleton is almost destroyed.
The adder skeleton bites you but does no damage.
Cortexin's ghost hits you.
You hit the adder skeleton.
You destroy the adder skeleton!
Cortexin's ghost closely misses you.
There is a staircase to the Ecumenical Temple here.
You miss cortexin's ghost.
Cortexin's ghost hits you but does no damage.
You are electrocuted!
Cortexin's ghost hits you.
You are electrocuted!
Ouch! That really hurt!
You die...

#.. #.#.. .
..### . ...#
#.#..## ###
####.#... ..#
........####.#
.......@...#.#
......W>.#.#.#
####.#.#.#.#.#
# #.#..†..#
#...#.#.#
#.###.#.# #.
###.# ## #.#
#.#


You could see cortexin's ghost.

Vanquished Creatures
  Jessica (D:3)
  An orc wizard (D:3)
  4 gnolls (D:2)
  3 adders
  An adder skeleton (D:4)
  A worm (D:2)
  3 dart slugs
  A leopard gecko (D:4)
  9 orcs
  4 giant cockroaches
  7 goblins
  6 hobgoblins
  7 kobolds
  2 quokkas
  6 bats
  5 frilled lizards
  8 rats
  2 bushes (D:1)
  A plant (D:1)
72 creatures vanquished.

Notes
Turn   | Place    | Note
-------+----------+-------------------------------------------
     0 | D:1      | Proteus the Spriggan Assassin began the quest for the Orb.
     0 | D:1      | Reached XP level 1. HP: 10/10 MP: 2/2
    53 | D:1      | Reached skill level 6 in Stealth
   473 | D:1      | Reached XP level 2. HP: 14/14 MP: 3/3
   749 | D:1      | Learned a level 1 spell: Apportation
  1278 | D:1      | Reached skill level 7 in Stealth
  1881 | D:2      | Reached XP level 3. HP: 18/18 MP: 4/4
  1982 | D:2      | Found a hazy altar of Hepliaklqana.
  1992 | D:2      | Reached skill level 8 in Stealth
  2018 | D:2      | Reached XP level 4. HP: 22/22 MP: 5/5
  2738 | D:3      | Reached skill level 9 in Stealth
  2826 | D:3      | Found a faded altar of an unknown god.
  3050 | D:3      | Noticed Jessica
  3057 | D:3      | Killed Jessica
  3057 | D:3      | Reached XP level 5. HP: 25/25 MP: 6/6
  3071 | D:3      | Reached skill level 10 in Stealth
  3896 | D:4      | Found a staircase to the Ecumenical Temple.
  3901 | D:4      | Noticed cortexin's ghost (amateur SpAK)
  3909 | D:4      | Slain by cortexin's ghost

Vault maps used:
D:1:      dpeg_arrival_solitude, serial_forest, infiniplex_forest_clump_small,
          infiniplex_forest_clump_small, infiniplex_forest_corner_1,
          infiniplex_forest_split, infiniplex_forest_pool,
          infiniplex_forest_clump_tiny, infiniplex_forest_lined_corner,
          infiniplex_forest_end_double, infiniplex_forest_lined_corner,
          minivault_5
D:2:      old_standard_altar
D:3:      ecumenical_altar_2, uniq_jessica
D:4:      first_bread, guppyfry_early_orc_mine, uniq_pikel

Skill      XL: |  1  2  3  4  5 |
---------------+----------------+-----
Stealth        | 6 7 8 9 10 | 10.3
Fighting       | |  1.5
Short Blades   | |  2.1
Throwing       | |  2.0
Dodging        | |  1.5

Action                   |  1- 3 |  4- 6 || total
-------------------------+-------+-------++-------
Melee: Dagger            |   512 |    69 ||   581
 Fire: Blowgun           |    10 |     2 ||    12
  Use: Scroll            |       |     8 ||     8
 Stab: Sleeping          |    10 |    19 ||    29
       Distracted        |       |     2 ||     2
  Eat: Pizza             |       |     2 ||     2
Armor: Robe              |    10 |     3 ||    13
Dodge: Dodged            |    42 |    34 ||    76
